[Event "The Kvibergspelen 2024"]
[Site "Kviberg Park Hotel & Conference, Krutvagen 2, Gothenburg, Sweden"]
[Date "2024.09.08"]
[Round "8.1"]
[White "Kucuksari, Kaan"]
[Black "Ernst, Thomas"]
[Result "1/2-1/2"]
[TimeControl "15 minutes + 5 seconds per move from move one (Round 1 - 4) / 90 minutes + 30 seconds per move from move one (Round 5 - 8)"]
[WhiteTitle "IM"]
[BlackTitle "GM"]
[WhiteFideId "6380166"]
[BlackFideId "1700065"]
[WhiteElo "2455"]
[BlackElo "2261"]

1. d4 Nf6 2. c4 e6 3. Nf3 d5 4. g3 dxc4 5. Bg2 Nc6 6. Qa4 Bb4+ 7. Bd2 Nd5 8. Bxb4 Ndxb4 9. O-O Rb8 10.
Nc3 a6 11. Ne5 O-O 12. Nxc6 Nxc6 13. Bxc6 bxc6 14. Qxc4 Rxb2 15. Rab1 Rb6 16. Qc5 h6 17. e3 Re8 18. a4 e5 19.
dxe5 Qe7 20. Qxe7 Rxe7 21. f4 f6 22. exf6 Rxe3 23. Rbe1 Rxe1 24. Rxe1 Bf5 25. Re8+ Kf7 26. fxg7 Kxg7 27. Re7+ Kf6 28. Rxc7 a5 29.
Kf2 Ke6 30. Ke3 Kd6 31. Rf7 Ke6 32. Rc7 Kd6 33. Rf7 Ke6 34. Ra7 Rb3 35. Kd4 Rb4+ 36. Kc5 Bd3 37. Nd1 Be2 38. Nf2 Rxa4 39.
Kxc6 Rc4+ 40. Kb6 a4 41. Ra5 Kf7 42. Re5 Rc2 43. Re3 Bh5 44. Nd3 Kf6 45. Nc5 Rxh2 46. Nxa4 Re2 47. Rxe2 Bxe2 48.
Nc3 Bf3 49. Nb5 Bh1 50. Nd4 Bd5 51. Kc5 Ba2 52. Kd6 Bc4 53. Nc2 h5 54. Ne3 Be6 55. Kc5 Bc8 56. Kd4 Bb7 57. Kd3 Ba6+ 58.
Kd2 Bb7 59. Ke2 Bc6 60. Kf2 Kg6 61. Nc2 Bb7 62. Nd4 Bd5 63. Kg1 Bb7 64. Kh2 Bc8 65. Kg2 Kf6 66. Nb5 Bd7 67. Nd6 Ke6 68.
Nc4 Kf6 69. Kf3 Bc6+ 70. Kf2 Bd5 71. Nd6 Bc6 72. Ke3 Ke6 73. Nc4 Kf5 74. Ne5 Ba8 75. Nc4 h4 76. gxh4 Kg4 77. Nd6 Kxh4 78.
Kd4 Kh5 79. f5 Kh6 80. f6 Kh7 81.
Ke5 Kg8 82. Nf5 Kf7 83. Nh6+ Kf8 84. Nf5 Bb7 85. Nd4 Ba6 86. Ne6+ Kf7 87. Ng5+ Kf8 88. Ne4 Bc4 89. Nd6 Ba2 90.
Kf5 Bb1+ 91. Kg5 Ba2 92. Nf5 Bb3 93. Ne7 Ba2 94. Ng6+ Kf7 95. Ne5+ Kf8 96. Kf4 Bb3 97. Nf3 Ba2 98.
Kf5 Bb1+ 99. Ke5 Ba2 100. Nd2 Kf7 101. Kf5 Kf8 102. Kg6 Bf7+ 103. Kg5 Ba2 104. Nf3 Bb1 105. Ne5 Ba2 106.
Kh6 Bb3 107. Kg6 1/2-1/2

[Event "The Kvibergspelen 2024"]
[Site "Kviberg Park Hotel & Conference, Krutvagen 2, Gothenburg, Sweden"]
[Date "2024.09.08"]
[Round "8.2"]
[White "Sorensen, Hampus"]
[Black "Arman, Deniz"]
[Result "1-0"]
[TimeControl "15 minutes + 5 seconds per move from move one (Round 1 - 4) / 90 minutes + 30 seconds per move from move one (Round 5 - 8)"]
[WhiteTitle "IM"]
[BlackTitle "FM"]
[WhiteFideId "8703884"]
[BlackFideId "6302106"]
[WhiteElo "2420"]
[BlackElo "2348"]

1. d4 Nf6 2. c4 c5 3. d5 b5 4. cxb5 a6 5. e3 g6 6. Nc3 Bg7 7. Nf3 O-O 8. a4 Bb7 9. Be2 axb5 10.
Bxb5 Na6 11. O-O Nc7 12. Bc4 Ba6 13. Nd2 Qc8 14. Ra3 Bxc4 15. Nxc4 Qa6 16. b3 d6 17. e4 Nd7 18. Nb1 f5 19.
Nbd2 fxe4 20. Nxe4 Qb7 21. Qg4 Rf5 22. Ne3 Raf8 23. Nxf5 Rxf5 24. Ng3 Ne5 25. Qe4 Rf7 26. Rd1 Nd7 27.
Ne2 Nf6 28. Qc4 Nfxd5 29. a5 Nb4 30. Bd2 Nba6 31. h4 d5 32. Qc2 e5 33. f3 Qb5 34. Be1 Bh6 35. Kh2 Qc6 36. Ra4 d4 37.
Bg3 Qe6 38. Re1 Be3 39. Rc4 Qe7 40. Qe4 Rf5 41. Kh1 Bd2 42. Rd1 Bxa5 43. Ra1 Bb4 44. Nf4 Rxf4 45. Bxf4 Qxh4+ 46. Bh2 Qxe4 47. fxe4 Bc3 48. Rf1 Ne6 49. Bxe5 Nb4 50. Rf6 1-0

[Event "The Kvibergspelen 2024"]
[Site "Kviberg Park Hotel & Conference, Krutvagen 2, Gothenburg, Sweden"]
[Date "2024.09.08"]
[Round "8.3"]
[White "Lindberg, Bengt"]
[Black "Ostlund, Joar"]
[Result "1-0"]
[TimeControl "15 minutes + 5 seconds per move from move one (Round 1 - 4) / 90 minutes + 30 seconds per move from move one (Round 5 - 8)"]
[WhiteTitle "IM"]
[BlackTitle "FM"]
[WhiteFideId "1700359"]
[BlackFideId "1735020"]
[WhiteElo "2337"]
[BlackElo "2335"]

1. e4 e5 2. Nf3 Nc6 3. Bb5 g6 4. c3 Bg7 5. d4 exd4 6. cxd4 a6 7. Ba4 b5 8. Bb3 Nge7 9. O-O O-O 10.
Nc3 Na5 11. Bc2 d6 12. h3 c5 13. Re1 cxd4 14. Nxd4 Bb7 15. Bg5 h6 16. Bh4 Rc8 17. Bb3 Qd7 18. Re2 Nc4 19. Qd3 Rc7 20.
Rd1 Re8 21. Bxc4 Rxc4 22. Nf3 Nc8 23. Nd5 Bxd5 24. Qxd5 Qe6 25. Qb7 Rxe4 26. Rxe4 Qxe4 27. Qxa6 Qc2 28. Rd2 Qc5 29. a4 bxa4 30.
Qxa4 Rf8 31. b4 Qc4 32. Rc2 Qd3 33. Qa2 Nb6 34. Rd2 Qc3 35. Rxd6 Ra8 36. Qd2 Qa1+ 37. Kh2 Nc4 38. Rd8+ Kh7 39.
Qd5 Rxd8 40. Bxd8 Ne5 41. Nxe5 Bxe5+ 42. g3 Kg7 43. Bb6 h5 44. Kg2 Qb2 45. b5 h4 46. g4 Qe2 47. Be3 f6 48.
b6 Qb2 49. b7 Qb1 50. g5 Qb2 51. gxf6+ Kxf6 52. Ba7 Qc1 53. Qd8+ Kf5 54. Qc8+ 1-0

[Event "The Kvibergspelen 2024"]
[Site "Kviberg Park Hotel & Conference, Krutvagen 2, Gothenburg, Sweden"]
[Date "2024.09.08"]
[Round "8.4"]
[White "Frank, Anton"]
[Black "Sjoholm, Emil"]
[Result "1-0"]
[TimeControl "15 minutes + 5 seconds per move from move one (Round 1 - 4) / 90 minutes + 30 seconds per move from move one (Round 5 - 8)"]
[WhiteFideId "1752383"]
[BlackFideId "1720449"]
[WhiteElo "2142"]
[BlackElo "2092"]

1. d4 Nf6 2. c4 e6 3. Nf3 c5 4. d5 exd5 5. cxd5 d6 6. Nc3 g6 7. h3 Bg7 8. Bf4 O-O 9. e3 Ne8 10.
e4 Nd7 11. Qd2 a6 12. a4 Nef6 13. Bd3 Re8 14. O-O Qc7 15. Qc2 Rb8 16. a5 c4 17. Be2 b5 18. axb6 Rxb6 19. Nd2 Rb4 20.
Ra4 Rxa4 21. Nxa4 Nb6 22. Nxb6 Qxb6 23. Nxc4 Qc5 24. b4 Qxb4 25. Nxd6 Nxd5 26. exd5 Qxf4 27. Nxe8 Bxh3 28. Nxg7 Bxg2 29.
Qc8+ Kxg7 30. Kxg2 1-0

[Event "The Kvibergspelen 2024"]
[Site "Kviberg Park Hotel & Conference, Krutvagen 2, Gothenburg, Sweden"]
[Date "2024.09.08"]
[Round "8.5"]
[White "Grahn, Vidar"]
[Black "Al Waeli, Laith"]
[Result "1-0"]
[TimeControl "15 minutes + 5 seconds per move from move one (Round 1 - 4) / 90 minutes + 30 seconds per move from move one (Round 5 - 8)"]
[WhiteTitle "FM"]
[BlackTitle "FM"]
[WhiteFideId "1744780"]
[BlackFideId "4801059"]
[WhiteElo "2219"]
[BlackElo "2049"]

1. d4 Nf6 2. c4 e6 3. g3 d5 4. Bg2 Be7 5. Nf3 O-O 6. O-O dxc4 7. Qc2 a6 8. a4 Bd7 9. Qxc4 Bc6 10.
Bg5 Nbd7 11. Nc3 a5 12. Rfd1 Bxf3 13. Bxf3 c6 14. e4 h6 15. Be3 Bb4 16. Rac1 Rc8 17. Qe2 Re8 18. h4 Qe7 19.
e5 Nd5 20. Bd2 Qd8 21. Nxd5 Bxd2 22. Qxd2 cxd5 23. Rxc8 Qxc8 24. Qxa5 Qc4 25. Qb5 Qxb5 26. axb5 Nb6 27. Ra1 Ra8 28. Rxa8+ Nxa8 29. Kf1 b6 30. Be2 Nc7 31. h5 Kf8 32.
f4 f5 33. g4 Kf7 34. Bd3 g6 35. hxg6+ Kxg6 36. Kf2 h5 37. g5 Kh7 38. Kg3 Kg6 39. Kh4 Na8 40. Be2 Nc7 41. b3 Kh7 42.
Kxh5 Kg7 43. g6 Ne8 44. Kg5 Nc7 45. Bd3 Ne8 46. Bxf5 exf5 47. Kxf5 Nc7 48. e6 Nxb5 49. e7 Nc7 50.
b4 b5 51. Kg5 Ne6+ 52. Kf5 Nc7 53. Ke5 Kxg6 54. Kd6 Ne8+ 55. Kc6 Kf7 56. Kxb5 Kxe7 57. Kc6 Ke6 58. b5 Nf6 59. b6 Ke7 60.
b7 Nd7 61. Kc7 Ke6 62. f5+ Ke7 63. f6 Ke8 64. f7+ Ke7 65. f8=Q Nxf8 66. b8=Q Ne6+ 67. Kc6 Nxd4+ 68. Kxd5 1-0

[Event "The Kvibergspelen 2024"]
[Site "Kviberg Park Hotel & Conference, Krutvagen 2, Gothenburg, Sweden"]
[Date "2024.09.08"]
[Round "8.6"]
[White "Wickstrom, Carina"]
[Black "Muntean, Victor"]
[Result "0-1"]
[TimeControl "15 minutes + 5 seconds per move from move one (Round 1 - 4) / 90 minutes + 30 seconds per move from move one (Round 5 - 8)"]
[WhiteFideId "1743201"]
[BlackFideId "1054414"]
[WhiteElo "2015"]
[BlackElo "2158"]

1. Nf3 Nf6 2. g3 g6 3. Bg2 Bg7 4. O-O O-O 5. d4 d6 6. Nc3 Nc6 7. d5 Na5 8. e4 c5 9. h3 b5 10.
e5 dxe5 11. Nxb5 Nxd5 12. Nxe5 Bxe5 13. Re1 Bg7 14. Qxd5 Qxd5 15. Bxd5 Rb8 16. Nc3 e6 17. Bg2 Nc4 18. Na4 Na3 19.
Bf4 Rb4 20. bxa3 Rxa4 21. Rab1 Ba6 22. Bc1 Rd8 23. Bc6 Rc4 24. Bg5 f6 25. Be3 Rxc2 26. Ba4 Rc3 27. Bb5 Bb7 28. a4 Bf8 29.
Red1 Rxd1+ 30. Rxd1 Bd5 31. Be8 Rc2 32. g4 Rxa2 33. Rb1 c4 34. Bd4 e5 35. Bc3 Bc5 36. Rb5 Bxf2+ 37. Kf1 Be4 38.
Bb4 Bd3+ 39. Kg2 Be4+ 40. Kf1 Be3 41. Rb8 Bd3+ 42. Ke1 Ra1# 0-1

[Event "The Kvibergspelen 2024"]
[Site "Kviberg Park Hotel & Conference, Krutvagen 2, Gothenburg, Sweden"]
[Date "2024.09.08"]
[Round "8.7"]
[White "Johansson, William"]
[Black "Wahlstrom, Lennart"]
[Result "0-1"]
[TimeControl "15 minutes + 5 seconds per move from move one (Round 1 - 4) / 90 minutes + 30 seconds per move from move one (Round 5 - 8)"]
[WhiteFideId "1744070"]
[BlackFideId "1706829"]
[WhiteElo "1899"]
[BlackElo "2058"]

1. b3 e5 2. Bb2 Nc6 3. c4 a6 4. e3 Nf6 5. Nc3 d5 6. cxd5 Nxd5 7. Nxd5 Qxd5 8. Nf3 e4 9. Bc4 Qh5 10.
Ne5 Qxd1+ 11. Rxd1 Nxe5 12. Bxe5 c6 13. f3 f6 14. Bg3 Bf5 15. O-O exf3 16. gxf3 Bh3 17. Rfe1 O-O-O 18. d4 h5 19.
d5 Bb4 20. Re2 b5 21. a3 Bd6 22. Rc1 bxc4 23. Rxc4 Bxg3 24. Rxc6+ Kb7 25. hxg3 Rxd5 26. Rec2 Rc8 27. Rxc8 Bxc8 28.
Kf2 a5 29. a4 Be6 30. e4 Re5 31. Ke3 Kb6 32. Kd4 Rg5 33. Rh2 Rxg3 34. Rxh5 Rxf3 35. Rb5+ Ka6 36. b4 axb4 37. Rxb4 Rb3 38.
Rxb3 Bxb3 39. e5 f5 0-1

[Event "The Kvibergspelen 2024"]
[Site "Kviberg Park Hotel & Conference, Krutvagen 2, Gothenburg, Sweden"]
[Date "2024.09.08"]
[Round "8.8"]
[White "Nilsson, Oliver"]
[Black "Nilsson, Patrik"]
[Result "0-1"]
[TimeControl "15 minutes + 5 seconds per move from move one (Round 1 - 4) / 90 minutes + 30 seconds per move from move one (Round 5 - 8)"]
[WhiteFideId "1730177"]
[BlackFideId "1708171"]
[WhiteElo "2050"]
[BlackElo "2124"]

1. d4 f5 2. Nc3 Nf6 3. Bg5 d5 4.
Bxf6 exf6 5. e3 Be6 6. Bd3 Qd7 7. Nge2 Nc6 8. a3 h5 9. h4 O-O-O 10. b4 Kb8 11. Nf4 Bf7 12. Be2 g6 13.
Nd3 b6 14. Qb1 Bd6 15. a4 Qe7 16. Nc5 f4 17. a5 fxe3 18.
axb6 cxb6 19. Rh3 exf2+ 20. Kxf2 Rhe8 21. Qd1 Bf4 22. Bb5 Be3+ 23. Kf1 Nxd4 24. Na6+ Kb7 25. Bxe8 Rxe8 26. Qd3 Nc6 27.
Nxd5 Bxd5 28. Qxd5 Bd4 29. Re3 Bxe3 30. b5 Qe6 31. bxc6+ Kc8 32. c4 Qg4 33. Rd1 Qf4+ 34. Qf3 Qxc4+ 35. Qe2 Qxc6 36. Nb4 Qe6 37. Qc2+ Bc5 38. Qd3 Bxb4 39. Rc1+ Bc5 40. Qa6+ Kb8 41. Rxc5 Qe1# 0-1

[Event "The Kvibergspelen 2024"]
[Site "Kviberg Park Hotel & Conference, Krutvagen 2, Gothenburg, Sweden"]
[Date "2024.09.08"]
[Round "8.9"]
[White "Bengtsson, Siv"]
[Black "Nord, Alexander"]
[Result "0-1"]
[TimeControl "15 minutes + 5 seconds per move from move one (Round 1 - 4) / 90 minutes + 30 seconds per move from move one (Round 5 - 8)"]
[BlackTitle "CM"]
[WhiteFideId "1701673"]
[BlackFideId "1738135"]
[WhiteElo "1972"]
[BlackElo "2209"]

1. e4 c5 2. Nf3 d6 3. d4 cxd4 4. Nxd4 Nf6 5. Nc3 a6 6. Be3 e5 7. Nb3 Be7 8. f3 Be6 9. Qd2 O-O 10.
O-O-O Nbd7 11. g4 b5 12. g5 Nh5 13. Kb1 Nb6 14. Bxb6 Qxb6 15.
Nd5 Bxd5 16. exd5 a5 17. Nc1 b4 18. Bd3 g6 19. h4 a4 20. Be4 Rfc8 21. Ne2 Qc5 22. Rhg1 Bd8 23. f4 Nxf4 24.
Nxf4 exf4 25. h5 a3 26. hxg6 hxg6 27. Qh2 axb2 28. Rh1 Qc3 29. Bxg6 Qg7 30. Bh7+ Kf8 31. Qxf4 Rxa2 32. c4 Ra1+ 33.
Kc2 Qc3# 0-1

[Event "The Kvibergspelen 2024"]
[Site "Kviberg Park Hotel & Conference, Krutvagen 2, Gothenburg, Sweden"]
[Date "2024.09.08"]
[Round "8.10"]
[White "Andersson, Johan"]
[Black "Lehtonen, Ture"]
[Result "1/2-1/2"]
[TimeControl "15 minutes + 5 seconds per move from move one (Round 1 - 4) / 90 minutes + 30 seconds per move from move one (Round 5 - 8)"]
[WhiteFideId "1703935"]
[BlackFideId "1712446"]
[WhiteElo "2158"]
[BlackElo "2099"]

1. e4 e6 2. Nf3 d5 3. Nc3 dxe4 4. Nxe4 Nd7 5. d4 Ngf6 6. Nxf6+ Nxf6 7. Ne5 a6 8. c3 c5 9. Bg5 cxd4 10.
Qa4+ Bd7 11. Qxd4 Bb5 12. Bxb5+ axb5 13. Qxd8+ Rxd8 14. Ke2 h6 15. Bxf6 gxf6 16. Ng4 f5 17. Ne3 Bc5 18. Rhd1 Rg8 19.
g3 Ke7 20. Nc2 Rxd1 21. Rxd1 h5 22. Rd2 h4 23. b4 hxg3 24. hxg3 Bd6 25. Nd4 f4 26. gxf4 Bxf4 1/2-1/2

[Event "The Kvibergspelen 2024"]
[Site "Kviberg Park Hotel & Conference, Krutvagen 2, Gothenburg, Sweden"]
[Date "2024.09.08"]
[Round "8.11"]
[White "Rajcevski, Dejan"]
[Black "Kingsley, Elias"]
[Result "1-0"]
[TimeControl "15 minutes + 5 seconds per move from move one (Round 1 - 4) / 90 minutes + 30 seconds per move from move one (Round 5 - 8)"]
[WhiteFideId "1759027"]
[BlackFideId "1775006"]
[WhiteElo "2131"]
[BlackElo "2047"]

1. d4 Nf6 2. Bf4 b6 3. Nc3 Bb7 4.
f3 d5 5.
Qd2 e6 6. e3 Be7 7. Bd3 c5 8. Nb5 Na6 9. c3 c4 10. Bc2 Qd7 11. a4 Bc6 12. Ne2 Nh5 13. Bg3 Nxg3 14. hxg3 Bxb5 15.
axb5 Nc7 16. Ba4 f6 17. Kf2 Kf7 18. g4 Nxb5 19. Qc2 g6 20. Nf4 a6 21. Rxh7+ Rxh7 22. Qxg6+ Kf8 23. Qxh7 Ke8 24.
Qg8+ Bf8 25. Qxe6+ Qxe6 26. Nxe6 Rc8 27. Bxb5+ axb5 28. Ra7 b4 29. Nc7+ Kd8 30. Nxd5 bxc3 31. bxc3 b5 32. Rb7 b4 33.
Nxb4 Bxb4 34. Rxb4 Kd7 35. e4 Ke6 36. Ke3 Kf7 37. Rb5 Kg6 38. Rc5 1-0

[Event "The Kvibergspelen 2024"]
[Site "Kviberg Park Hotel & Conference, Krutvagen 2, Gothenburg, Sweden"]
[Date "2024.09.08"]
[Round "8.12"]
[White "Ask, Josef"]
[Black "Kallen, Jonas"]
[Result "0-1"]
[TimeControl "15 minutes + 5 seconds per move from move one (Round 1 - 4) / 90 minutes + 30 seconds per move from move one (Round 5 - 8)"]
[WhiteTitle "FM"]
[WhiteFideId "1704583"]
[BlackFideId "1712896"]
[WhiteElo "2106"]
[BlackElo "2026"]

1. b3 Nf6 2. Bb2 d5 3. e3 Bf5 4. f4 e6 5. Nf3 h6 6. a3 Nbd7 7. Be2 Bd6 8. O-O O-O 9. Ne5 c6 10.
Bf3 Qc7 11. d4 Ne4 12. c4 f6 13. Ng4 Bxg4 14. Bxg4 f5 15. Bf3 Ndf6 16. Nc3 Nxc3 17. Bxc3 Qe7 18. c5 Bc7 19. Rb1 Kh7 20.
b4 a6 21. a4 Ne4 22. Bxe4 fxe4 23. Qg4 Rf5 24. b5 axb5 25. axb5 g5 26. bxc6 bxc6 27. Rb7 gxf4 28. Rxf4 Rg5 29.
Qd1 Rg7 30. g3 Qg5 31. Rxc7 Rxc7 32. Qb1 Qg8 33. Qb6 Qb8 34. Qxb8 Rxb8 35. Rf6 Re7 36. Ba5 Kg7 37. Rf2 Rb3 38.
Re2 Ra7 39. Bb6 Ra1+ 40. Kf2 Rab1 41. Bc7 R3b2 42. g4 Rxe2+ 43. Kxe2 Rg1 44. h3 Rh1 45. Kf2 Rxh3 46. Bg3 h5 47.
gxh5 Rxh5 48. Bc7 Kg6 49. Ke2 Kf5 50. Kd2 Kg4 51. Kc3 Rh3 52. Bf4 Rf3 53. Bh6 Kh5 54. Bg7 Rxe3+ 55. Kb4 Rd3 56.
Be5 e3 57. Bg3 e2 58. Bf2 Rf3 59. Be1 Rf1 0-1

[Event "The Kvibergspelen 2024"]
[Site "Kviberg Park Hotel & Conference, Krutvagen 2, Gothenburg, Sweden"]
[Date "2024.09.08"]
[Round "8.13"]
[White "Mashhadi, Peyman"]
[Black "Kashwan, Hassan"]
[Result "1-0"]
[TimeControl "15 minutes + 5 seconds per move from move one (Round 1 - 4) / 90 minutes + 30 seconds per move from move one (Round 5 - 8)"]
[WhiteFideId "1768581"]
[BlackFideId "137122555"]
[WhiteElo "2148"]
[BlackElo "1936"]

1. e4 c5 2. Nf3 d6 3. d4 cxd4 4. Nxd4 Nf6 5. Nc3 a6 6. Bc4 b5 7. Bb3 Bb7 8. O-O Nbd7 9. a4 b4 10.
Nd5 e6 11. Nxb4 Qb6 12. c3 Nc5 13. a5 Qc7 14. Bc2 Be7 15. f3 O-O 16. Nd3 Rfd8 17. Bg5 Rac8 18. Kh1 h6 19. Bh4 Ncd7 20.
Qe2 Ne5 21. Bf2 Nc4 22. Nb3 d5 23. e5 Nd7 24. f4 Nxb2 25. Nxb2 Qxc3 26. Rfc1 Qb4 27. Nd3 Qe4 28. Qxe4 dxe4 29.
Nb2 f5 30. Na4 Nf8 31. Nac5 Bd5 32. Rab1 g5 33. Nxa6 Ba3 34. Bb6 Bxc1 35. Bxd8 Bxf4 36. Bc7 Be3 37. Bb6 Rxc2 38. Nb4 Rc3 39.
Nxd5 exd5 40. Bxe3 Rxe3 41. a6 Nd7 42. a7 Nb6 43. Kg1 Kf7 44. Nd4 Ra3 45. Rxb6 Rxa7 46. Nxf5 Ra1+ 47. Kf2 Ra2+ 48.
Ke3 Ra3+ 49. Kd4 Rd3+ 50. Kc5 e3 51. e6+ Kf6 52. e7+ Kf7 53. Rb8 1-0

[Event "The Kvibergspelen 2024"]
[Site "Kviberg Park Hotel & Conference, Krutvagen 2, Gothenburg, Sweden"]
[Date "2024.09.08"]
[Round "8.14"]
[White "Andersson, Robert"]
[Black "Helin, Mikael"]
[Result "0-1"]
[TimeControl "15 minutes + 5 seconds per move from move one (Round 1 - 4) / 90 minutes + 30 seconds per move from move one (Round 5 - 8)"]
[BlackTitle "CM"]
[WhiteFideId "1703226"]
[BlackFideId "1703838"]
[WhiteElo "2098"]
[BlackElo "1921"]

1. e4 d6 2. Nf3 g6 3. Nc3 Bg7 4. Bc4 e6 5. O-O a6 6. d4 h6 7. Re1 b6 8. Ne2 Bb7 9. Nf4 Qd7 10.
c3 Ne7 11. b4 O-O 12. Qb3 d5 13. exd5 exd5 14. Bd3 Nbc6 15. a4 Rad8 16. Ra2 Ba8 17. Bxa6 Nf5 18. Bb5 Qd6 19. Nd3 g5 20.
Nde5 Nce7 21. Bd3 Bb7 22. b5 Bc8 23. Ba3 c5 24. bxc6 Qc7 25. Rb2 g4 26. Nxg4 Qxc6 27. Ne3 Be6 28.
Nxf5 Nxf5 29. Bxf8 Rxf8 30. Ne5 Qc7 31. Rc2 Rc8 32. Qb1 Nd6 33. Rcc1 Qe7 34. Qxb6 Ne4 35. Bxe4 dxe4 36. Rxe4 Qg5 37.
Qb2 h5 38. Rce1 Qd8 39. Ng6 Qf6 40. Nf4 Bd7 41. Nd5 Qg5 42. Ne7+ Kh7 43. Nxc8 Bxc8 44. Qb5 Qg6 45. R1e3 Bh6 46.
Rg3 Qxe4 47. Qd3 f5 48. Qxe4 fxe4 49. c4 Ba6 50. c5 Bb7 51. Rc3 Bc6 52. a5 Bg7 53. Rc4 Bh6 54. a6 e3 55.
fxe3 Bxe3+ 56. Kf1 Bb5 57. a7 0-1

[Event "The Kvibergspelen 2024"]
[Site "Kviberg Park Hotel & Conference, Krutvagen 2, Gothenburg, Sweden"]
[Date "2024.09.08"]
[Round "8.15"]
[White "Krilovs, Nikolajs"]
[Black "Dingertz, Filip"]
[Result "1/2-1/2"]
[TimeControl "15 minutes + 5 seconds per move from move one (Round 1 - 4) / 90 minutes + 30 seconds per move from move one (Round 5 - 8)"]
[WhiteFideId "11603100"]
[BlackFideId "1757288"]
[WhiteElo "2054"]
[BlackElo "1858"]

1. e4 e5 2. Nf3 Nc6 3. Bc4 Bc5 4. b4 Bxb4 5. c3 Be7 6. d4 Na5 7. Nxe5 Nxc4 8. Nxc4 d5 9. exd5 Qxd5 10.
Ne3 Qd7 11. O-O Nf6 12. c4 O-O 13. Bb2 b5 14. Nd2 a6 15. Nf3 Ng4 16. Nxg4 Qxg4 17. Ne5 Qxd1 18. Rfxd1 Bd6 19. Rac1 Bxe5 20.
dxe5 Be6 21. cxb5 axb5 22. Rxc7 Rxa2 23. Bc3 Rc2 24. Ba5 1/2-1/2

[Event "The Kvibergspelen 2024"]
[Site "Kviberg Park Hotel & Conference, Krutvagen 2, Gothenburg, Sweden"]
[Date "2024.09.08"]
[Round "8.16"]
[White "Eriksson, Kristian"]
[Black "Olsson, Thomas"]
[Result "1/2-1/2"]
[TimeControl "15 minutes + 5 seconds per move from move one (Round 1 - 4) / 90 minutes + 30 seconds per move from move one (Round 5 - 8)"]
[WhiteFideId "1705172"]
[BlackFideId "1702696"]
[WhiteElo "2051"]
[BlackElo "1902"]

1. e4 e5 2. Nf3 Nc6 3. Bb5 a6 4. Ba4 d6 5. Bxc6+ bxc6 6. d4 exd4 7. Nxd4 c5 8. Nc6 Qd7 9.
Na5 Ne7 10. O-O Rb8 11. Nc3 f6 12. b3 g6 13. Nd5 Bg7 14. Nxe7 Kxe7 15. Bb2 Re8 16. Qd3 Kf8 17. Nc4 Bb7 18.
f3 Kg8 19. Rad1 Qe6 20. Bc1 1/2-1/2

[Event "The Kvibergspelen 2024"]
[Site "Kviberg Park Hotel & Conference, Krutvagen 2, Gothenburg, Sweden"]
[Date "2024.09.08"]
[Round "8.17"]
[White "Sigeman, Johan"]
[Black "Andren, Patrik"]
[Result "1-0"]
[TimeControl "15 minutes + 5 seconds per move from move one (Round 1 - 4) / 90 minutes + 30 seconds per move from move one (Round 5 - 8)"]
[WhiteFideId "1705601"]
[BlackFideId "1767135"]
[WhiteElo "2032"]
[BlackElo "1895"]

1. d4 Nf6 2. Nf3 g6 3. g3 Bg7 4. Bg2 O-O 5. O-O d6 6. c4 a6 7. Nc3 Nc6 8. b3 Rb8 9. Nd5 b5 10.
Nxf6+ exf6 11. cxb5 axb5 12. Bb2 b4 13. d5 Ne5 14. Nd4 Bd7 15. Qd2 Rb6 16. Rfc1 f5 17. h3 g5 18. Rc2 Bh6 19.
Rac1 Qf6 20. Rxc7 g4 21. e3 gxh3 22. Bxh3 Qg6 23. Rxd7 Nxd7 24. Bxf5 Qh5 25. Bxd7 Ra8 26. Nf5 1-0

[Event "The Kvibergspelen 2024"]
[Site "Kviberg Park Hotel & Conference, Krutvagen 2, Gothenburg, Sweden"]
[Date "2024.09.08"]
[Round "8.18"]
[White "Berling, Egil"]
[Black "Ostensson, Julia"]
[Result "1/2-1/2"]
[TimeControl "15 minutes + 5 seconds per move from move one (Round 1 - 4) / 90 minutes + 30 seconds per move from move one (Round 5 - 8)"]
[WhiteFideId "1781197"]
[BlackFideId "1747703"]
[WhiteElo "1837"]
[BlackElo "2016"]

1. d4 Nf6 2. Nc3 d5 3. Bf4 g6 4. e3 Bg7 5. h4 O-O 6. h5 c5 7. hxg6 hxg6 8. Qd2 Nc6 9. f3 Re8 10.
O-O-O e6 11. g4 Nd7 12. Qh2 Nf8 13. Bh6 Bxh6 14. Qxh6 Qf6 15. dxc5 Qg7 16. Qh2 Rd8 17. Nge2 Nd7 18.
Bg2 Nxc5 19. f4 Bd7 20. f5 Ne5 21. fxg6 Nxg6 22. Ng3 Bc6 23. Rdf1 Nd7 24. g5 Kf8 25. Bh3 Ke7 26. Qf2 Rh8 27.
Bg2 Rxh1 28. Bxh1 Nb6 29. Nh5 Qh7 30. Qf6+ Kd6 31. Ng7 Nd7 32. Qxf7 Ndf8 33. Qf6 Qh3 34. Kb1 Kc7 35. Qf7+ Kb6 36.
Qf2 Qh4 37. Qxh4 Nxh4 38. Nh5 Nd7 39. Nf4 Rf8 40. Rg1 Re8 41. g6 Nf6 42. g7 Nf5 43. Rg6 Ng8 44. Rxe6 Rxe6 45. Nxe6 Nxe3 46.
Nd4 Kc5 47. Nxc6 bxc6 48. Kc1 Nf5 49. Kd2 1/2-1/2

[Event "The Kvibergspelen 2024"]
[Site "Kviberg Park Hotel & Conference, Krutvagen 2, Gothenburg, Sweden"]
[Date "2024.09.08"]
[Round "8.19"]
[White "Lappas Lonnermark, Johannes"]
[Black "Frisk, Hans"]
[Result "1/2-1/2"]
[TimeControl "15 minutes + 5 seconds per move from move one (Round 1 - 4) / 90 minutes + 30 seconds per move from move one (Round 5 - 8)"]
[WhiteFideId "1773437"]
[BlackFideId "1708570"]
[WhiteElo "1862"]
[BlackElo "1994"]

1. e4 c5 2. Nf3 Nc6 3. Bb5 e6 4. c3 Nge7 5. O-O a6 6. Ba4 b5 7. Bc2 d5 8. d4 cxd4 9. Nxd4 Nxd4 10.
Qxd4 Nc6 11. Qd1 dxe4 12. Qxd8+ Nxd8 13. Bxe4 Bb7 14. Bxb7 Nxb7 15. Be3 Bc5 16. a4 Bxe3 17. fxe3 Ke7 18.
Rd1 Nc5 19. axb5 axb5 20. Nd2 Rxa1 21. Rxa1 Na4 22. c4 Rd8 23. Ne4 Nxb2 24. cxb5 Rd1+ 25. Rxd1 Nxd1 26. Ng5 Nxe3 27. Nxf7 Nc4 28. Ng5 h6 29. Ne4 Nd6 30. Nc3 Nc4 31. Ne4 Nd6 32. Nc3 Nc4 33. Ne4 1/2-1/2

[Event "The Kvibergspelen 2024"]
[Site "Kviberg Park Hotel & Conference, Krutvagen 2, Gothenburg, Sweden"]
[Date "2024.09.08"]
[Round "8.20"]
[White "Thyberg, Andre"]
[Black "Roosvald, Filip"]
[Result "0-1"]
[TimeControl "15 minutes + 5 seconds per move from move one (Round 1 - 4) / 90 minutes + 30 seconds per move from move one (Round 5 - 8)"]
[WhiteFideId "1764764"]
[BlackFideId "1767976"]
[WhiteElo "1994"]
[BlackElo "1824"]

1. e4 c6 2. d4 d5 3. exd5 cxd5 4. c4 Nf6 5. Nc3 g6 6. cxd5 Nxd5 7. Bc4 Nxc3 8. bxc3 Bg7 9. Nf3 Qc7 10.
Qb3 O-O 11. O-O Nc6 12. Bd5 b6 13. Re1 Bb7 14. Qc4 Rac8 15. Ba3 Nxd4 16. Qxc7 Nxf3+ 17. Bxf3 Rxc7 18. Bxb7 Rxb7 19. Bxe7 Bxc3 20.
Bxf8 Bxe1 21. Bh6 Bb4 22. Rd1 f6 23. h4 Kf7 24. g4 Ke6 25. Rd8 Rd7 26. Ra8 Kd5 27. Bf8 Kc4 28. Bxb4 Kxb4 29. Rf8 Ka3 30. Rxf6 Kxa2 31.
h5 gxh5 32. gxh5 b5 33. Rf5 b4 0-1